 Dungeon Crawl Stone Soup version 0.30-a0-672-gc3a7216ad8 (webtiles) character file.

Game seed: 70386043490576847

44 epen the Magician (level 3, -8/25 HPs)
             Began as a Gnoll Hedge Wizard on Jan 18, 2023.
             Killed by divine providence
             ... invoked by an orc priest
              (16 damage)
             ... on level 3 of the Dungeon.
             The game lasted 00:01:52 (1720 turns).

epen the Magician (Gnoll Hedge Wizard)              Turns: 1720, Time: 00:01:53

Health: -8/25      AC:  3    Str:  9    XL:     3   Next: 62%
Magic:  11/11      EV: 13    Int: 13    God:
Gold:   125        SH:  0    Dex: 13    Spells: 15/16 levels left

rFire   . . .      SeeInvis .    a - +0 dagger
rCold   . . .      Faith    .    (no shield)
rNeg    . . .      Spirit   .    b - +0 robe
rPois   .          Reflect  .    h - +0 helmet
rElec   .          Harm     .    (no cloak)
rCorr   .          Rampage  .    (no gloves)
Will    .....                    (no boots)
Stlth   +++                      (no amulet)
HPRegen 0.24/turn                (no ring)
MPRegen 0.12/turn                (no ring)

@: no status effects
A: fangs 1, strong nose, distributed training
a: no special abilities


You were on level 3 of the Dungeon.
You visited 1 branch of the dungeon, and saw 3 of its levels.

You collected 125 gold pieces.

Inventory:

Hand Weapons
 a - a +0 dagger (weapon)
Armour
 b - a +0 robe (worn)
 c - a +0 hat
 h - a +0 helmet (worn)
Wands
 o - a wand of flame (7)
Scrolls
 l - 4 scrolls of identify {unknown}
Potions
 d - 2 potions of magic
 f - a potion of might {unknown}
 g - a potion of mutation {unknown}
 j - 2 potions of curing {unknown}
 k - a potion of heal wounds {unknown}
 m - 2 potions of degeneration {unknown}
 n - 2 potions of berserk rage {unknown}


   Skills:
 + Level 0.9 Fighting
 + Level 0.9 Short Blades
 + Level 0.9 Long Blades
 + Level 0.9 Axes
 + Level 0.9 Maces & Flails
 + Level 0.9 Polearms
 + Level 0.9 Staves
 + Level 0.9 Ranged Weapons
 + Level 0.9 Throwing
 + Level 0.9 Armour
 + Level 4.5 Dodging
 + Level 4.2 Stealth
 + Level 0.9 Shields
 + Level 0.9 Unarmed Combat
 + Level 7.1 Spellcasting
 + Level 2.1 Conjurations
 + Level 0.6 Hexes
 + Level 2.1 Summonings
 + Level 0.6 Necromancy
 + Level 2.1 Translocations
 + Level 0.6 Transmutations
 + Level 0.6 Fire Magic
 + Level 0.6 Ice Magic
 + Level 0.6 Air Magic
 + Level 0.6 Earth Magic
 + Level 0.6 Poison Magic
 + Level 1.0 Invocations
 + Level 0.9 Evocations


You had 15 spell levels left.
You knew the following spells:

 Your Spells              Type           Power      Damage    Failure   Level
a - Magic Dart            Conj           40%        1d5       6%          1

Your spell library contained the following spells:

 Spells                   Type           Power      Damage    Failure   Level
 Blink                    Tloc           20%        N/A       10%         2
 Call Imp                 Summ           10%        N/A       10%         2
 Slow                     Hex            24%        N/A       12%         1
 Cigotuvi's Dreadful Rot  Necr/Pois/Air  12%        N/A       17%         2
 Mephitic Cloud           Conj/Pois/Air  7%         N/A       28%         3


Dungeon Overview and Level Annotations

Branches:
Dungeon (3/15)

Altars:
Hepliaklqana

Shops:
D:1 *


Innate Abilities, Weirdness & Mutations

You have very sharp teeth.
Your uncanny sense of smell can sniff out nearby items.
Your experience applies equally to all skills.


Message History

o - a wand of flame (7)
An adder comes into view.
An adder is nearby!
A goblin comes into view. It is wielding a +0 dagger.
An orc wizard comes into view. It is wielding a +0 dagger.
The orc wizard shouts!
You hear a shout! x2; The goblin shouts!
An orc comes into view. It is wielding a +0 hand axe.
The orc shouts!
You hit the goblin.
The goblin is heavily wounded.
The goblin hits you but does no damage.
You barely miss the goblin. Your bite misses the goblin.
The goblin is heavily wounded.
An orc priest comes into view. It is wielding a +0 club.
The goblin hits you with a +0 dagger.
You hit the goblin.
The goblin is severely wounded.
The goblin closely misses you.
The orc wizard gestures wildly while chanting.
The orc wizard flickers and vanishes!
Deactivating autopickup; reactivate with Ctrl-A.
As you read the scroll labelled VESTRO ZIJASERCH, it crumbles to dust.
It is a scroll of amnesia.
Really abort (and waste the scroll)?
Okay, then.
The goblin hits you with a +0 dagger.
Okay, then.
The air fills with toxic fumes!
As you read the scroll labelled BODAEDOASY, it crumbles to dust.
It was a scroll of poison.
The orc priest calls down the wrath of Beogh upon you.
Beogh smites you! The goblin hits you with a +0 dagger.
You hit the goblin.
You kill the goblin!
You hear some strange, mumbled words.
Something tries to affect you, but you resist.
The orc priest calls down the wrath of Beogh upon you.
Beogh smites you!
Ouch! That really hurt!
You die...

## .# #.# #§#
####§#
########§§§§#
..§§§§§§)@§§#
######§##§§#
#...§.##.§§#
#..§§o##..§§#
#..§§o##..#§##
#...§§##....§#
.######..#.###
....##.##########
.#
####..#.#.........
⌠.#


You could see an orc priest and an orc.

Vanquished Creatures
  A worm (D:2)
  A dart slug (D:2)
  3 endoplasms (D:1)
  3 giant cockroaches
  2 goblins
  5 hobgoblins
  4 kobolds
  2 quokkas (D:1)
  5 bats
  8 frilled lizards (D:2)
  7 rats
41 creatures vanquished.

Notes
Turn   | Place    | Note
-------+----------+-------------------------------------------
     0 | D:1      | epen the Gnoll Hedge Wizard began the quest for the Orb.
     0 | D:1      | Reached XP level 1. HP: 13/13 MP: 8/8
    85 | D:1      | Found Kimikk's Assorted Antiques.
   160 | D:1      | Reached XP level 2. HP: 19/19 MP: 10/10
   941 | D:2      | Reached XP level 3. HP: 25/25 MP: 11/11
   992 | D:2      | Found a hazy altar of Hepliaklqana.
  1478 | D:2      | Reached skill level 1 in Invocations
  1720 | D:3      | Killed from afar by an orc priest

Illustrated notes

Levels and vault maps discovered:
D:1:      minmay_arrival_stone_box, layout_loops_ring, serial_shops, shop,
          serial_aquarium, aquarium_bridge_square [aquarium_subvault_balcony,
          aquarium_subvault_bridge, aquarium_subvault_bridge,
          aquarium_subvault_bridge], aquarium_bridge_island_small
          [aquarium_subvault_small_open, aquarium_subvault_wall,
          aquarium_subvault_wall, aquarium_subvault_bridge,
          aquarium_subvault_bridge], aquarium_window_corner, aquarium_window_2,
          aquarium_window_fake, aquarium_window_corner, aquarium_view_2b,
          aquarium_view_2d, aquarium_balcony_3b, minmay_misc_feat_rows,
          corexii_item_surrounded_by_moat, minmay_distorted
D:2:      layout_loops_ring, basic_altar, minmay_lizard_pond
D:3:      layout_rooms, mainiacjoe_overflow_boulevard, jmf_multi_god_temple2,
          grunt_ministairs_4, kennysheep_flooded_box, hangedman_decor_riveting,
          minmay_parallelograms

Skill      XL: |  1  2  3 |
---------------+----------+-----
Conjurations   | 2 |  2.1
Summonings     | 2 |  2.1
Translocations | 2 |  2.1
Invocations    | 1 |  1.0
Fighting       | |  0.9
Short Blades   | |  0.9
Long Blades    | |  0.9
Axes           | |  0.9
Maces & Flails | |  0.9
Polearms       | |  0.9
Staves         | |  0.9
Ranged Weapons | |  0.9
Throwing       | |  0.9
Armour         | |  0.9
Dodging        | |  4.5
Stealth        | |  4.2
Shields        | |  0.9
Unarmed Combat | |  0.9
Spellcasting   | |  7.1
Hexes          | |  0.6
Necromancy     | |  0.6
Transmutations | |  0.6
Fire Magic     | |  0.6
Ice Magic      | |  0.6
Air Magic      | |  0.6
Earth Magic    | |  0.6
Poison Magic   | |  0.6
Evocations     | |  0.9

Action                   || total
-------------------------++-------
Melee: Dagger            ||   110
       Punch             ||     4
       Bite              ||     4
 Cast: Magic Dart        ||    12
  Use: Scroll            ||     2
 Stab: Sleeping          ||    13
Armor: Robe              ||    13
Dodge: Dodged            ||    68

Table legend: (Time is in decaauts)
 A = Elapsed time spent in this place.
 B = Non-inter-level travel time spent in this place.
 C = Inter-level travel time spent in this place.
 D = Time resting spent in this place.
 E = Time spent auto-exploring this place.
 F = Levels seen in this place.
 G = Mean time per level.
                   A        B        C        D        E       F      G
               +--------+--------+--------+--------+--------+-----+--------+
         Total |   1716 |   1615 |    101 |      0 |   1334 |   3 |  572.0 |
       Dungeon |   1716 |   1615 |    101 |      0 |   1334 |   3 |  572.0 |
               +--------+--------+--------+--------+--------+-----+--------+

Top non-repeatable levels by time:
     D:1: 879 daAuts
     D:2: 773 daAuts
     D:3: 63 daAuts
